Unix NetHack Version 5.0.0-0 post-release - last build May 10 2026 23:12:36 (d1fa5d53e341ca933230fdaa984d921c805b60aa,branch:main).

Game began 2026-05-16 01:47:01, ended 2026-05-16 02:11:11.

ArrBianca, lawful female human Valkyrie

                     ----------
                     |........|
                   ##.........|
                   # |.........
                   # -------.--
   ------------ ####        #
   |..........| )           #
   |...........##           #
   |.....`>...|             #
   ------|--|--             ##@d#
         #  #                   #         -   .    #)
            ########            #        #     #   #-------
                   ####         #       ############|.....|
                     -|---+-----.----####         ##|....<|
                     |..............|#             #|.....|
                     |..............|#             #-.....|
                     |..............|#              |.....+
                     |...............#              -------
                     ----------------

ArrBianca the Fighter       St:14 Dx:13 Co:18 In:8 Wi:10 Ch:11  Lawful
Dlvl:7  $:18 HP:0(61) Pw:17(17) AC:6  Xp:6 T:3617  Burdened

Latest messages:
 You see here a spear.
 You find a hidden passage.
 You hit the mountain nymph!
 The mountain nymph wakes up!
 The mountain nymph screams!
 The mountain nymph disarms your +1 spear (weapon in right hand).
 She stole a +1 spear.
 The mountain nymph vanishes!
 What do you want to use or apply? [efnsyCFHK or ?*] H
 You are now wearing a blindfold.
 You can't see any more.
 What do you want to use or apply? [efnsyCFHK or ?*] H
 You were wearing a blindfold.
 You can see again.
 You begin bashing monsters with your bare hands.
 You miss the wolf.
 The wolf bites!
 What do you want to wield? [- jO or ?*] O
 O - an orcish dagger (weapon in right hand).
 The wolf bites!
 You hit the wolf.
 The wolf bites!
 You hit the wolf.
 The wolf bites!
 You miss the wolf.
 The wolf bites!
 You hit the wolf.
 The wolf bites!
 You hit the wolf.
 The wolf bites!
 You miss the wolf.
 The wolf bites!
 You miss the wolf.
 The wolf bites!
 You hit the wolf.
 You hit the wolf.
 The wolf bites!
 You hit the wolf.
 The wolf bites!
 You hit the wolf.
 The wolf bites!
 What do you want to zap? [yCF or ?*] y
 In what direction? l
 The magic missile hits the wolf!
 The magic missile hits the wolf.
 The magic missile hits you!
 You die...
 Do you want an account of creatures vanquished? [ynaq] (y) y
 Do you want to see your conduct and achievements? [ynq] (n) n
 Do you want to see the dungeon overview? [ynq] (y) y

Inventory:
 Coins    ('$')
  $ - 18 gold pieces
 Weapons  (')')
  j - 10 blessed +0 crossbow bolts (in quiver pouch)
  O - a +0 orcish dagger (weapon in right hand)
 Armor    ('[')
  h - a blessed +1 helm of caution
  D - an uncursed +0 orcish helm
  q - an uncursed +0 pair of elven boots
  l - an uncursed +0 pair of speed boots
  c - an uncursed +3 small shield (being worn)
  B - a blessed +0 banded mail
 Comestibles  ('%')
  m - 2 uncursed cram rations
  k - an uncursed tin of french fried jackal meat
 Scrolls  ('?')
  u - an uncursed scroll of create monster
  w - an uncursed scroll of magic mapping
 Spellbooks  ('+')
  f - an uncursed spellbook of chain lightning
  K - an uncursed spellbook of cure sickness
  s - an uncursed spellbook of extra healing
 Potions  ('!')
  t - an uncursed potion of gain energy
  g - an uncursed potion of healing
  x - 2 uncursed potions of monster detection
  L - an uncursed potion of speed
 Wands    ('/')
  C - a wand of fire (0:4)
  y - a wand of magic missile (0:2)
  F - a wand of polymorph (0:4)
 Tools    ('(')
  H - an uncursed blindfold
  n - an uncursed lock pick
  e - an uncursed oil lamp
 Gems/Stones  ('*')
  z - 2 uncursed worthless pieces of blue glass

ArrBianca the Valkyrie's attributes:

Background:
 You were a Fighter, a level 6 human Valkyrie.
 You were lawful, on a mission for Tyr
 who was opposed by Odin (neutral) and Loki (chaotic).
 You were right-handed.
 You were in the Dungeons of Doom, on level 7.
 You entered the dungeon 3617 turns ago.
 It was nighttime.
 There was a new moon in effect when your adventure ended.
 You had 361 experience points, 279 more were needed to attain level 7.

Basics:
 You had 0 out of 61 hit points.
 You had all 17 energy points (spell power).
 Your armor class was 6.
 Your wallet contained 18 zorkmids.
 Autopickup was on for '$?!/="+%' plus thrown, with exceptions.

Final Characteristics:
 Your strength was 14 (peak:15, limit:18/100).
 Your dexterity was 13 (limit:18).
 Your constitution was 18 (limit:18).
 Your intelligence was 8 (limit:18).
 Your wisdom was 10 (limit:18).
 Your charisma was 11 (limit:18).

Final Status:
 You weren't hungry.
 You were burdened; movement was slightly slowed.
 You were wielding a dagger.
 You had basic skill with dagger.

Final Attributes:
 You were piously aligned.
 You were cold resistant.
 You were telepathic.
 You were stealthy.
 You were fast.
 You are dead.

Miscellaneous:
 You didn't encounter any bones levels.
 Total elapsed playing time was 24 minutes and 10 seconds.

Major events:
 Turn
    1: ArrBianca the lawful human Valkyrie entered the dungeon
  820: attained the rank of Skirmisher (level 3)
 3515: attained the rank of Fighter (level 6)
 3617: killed by a magic missile zapped by herself

Spells:
 Name                 Level Category     Fail Retention
 extra healing          3   healing      100%  76%-100%

Skills:
 Fighting Skills
   bare handed combat [Unskilled]
   two weapon combat  [Unskilled]
   riding             [Unskilled]
 Weapon Skills
   dagger             [Basic]
   axe                [Unskilled]
   pick-axe           [Unskilled]
   short sword        [Unskilled]
   broadsword         [Unskilled]
   long sword         [Unskilled]
   two-handed sword   [Unskilled]
   saber              [Unskilled]
   hammer             [Unskilled]
   quarterstaff       [Unskilled]
   polearms           [Unskilled]
   spear              [Skilled]
   trident            [Unskilled]
   lance              [Unskilled]
   sling              [Unskilled]
 Spellcasting Skills
   attack spells      [Unskilled]
   escape spells      [Unskilled]

Voluntary challenges:
 Character rerolling was not enabled.
 You never had a pet.
 You never genocided any monsters.
 You never polymorphed an object.
 You never changed form.
 You used no wishes.
Achievements:
 You attained the rank of Skirmisher.
 You entered a shop.
 You attained the rank of Fighter.

 The Dungeons of Doom: levels 1 to 7
    Level 1:
    Level 2:
    Level 3:
    Level 4:
       A potion shop.
    Level 5:
       A sink.
    Level 6:
       A potion shop.
    Level 7: <- You were here.
       Final resting place for
          you, killed by a magic missile zapped by yourself.


Vanquished creatures:
  a leprechaun
  a scorpion
  a jaguar
 an orc shaman
  a rock piercer
  a pony
  a fog cloud
  a yellow light
  a little dog
  2 floating eyes
  3 hill orcs
  2 dwarf zombies
  a werejackal
 an acid blob
  a coyote
  2 gas spores
  a manes
  3 hobgoblins
  3 giant rats
  a brown mold
  a yellow mold
  a green mold
  a red mold
  a gnome
  2 geckos
  3 foxes
  a kobold
  2 goblins
  2 sewer rats
  a grid bug
  4 lichens
  a kobold zombie
  5 newts
54 creatures vanquished.

No species were genocided or became extinct.

Game over:
                       ----------
                      /          \
                     /    REST    \
                    /      IN      \
                   /     PEACE      \
                  /                  \
                  |    ArrBianca     |
                  |      18 Au       |
                  |   killed by a    |
                  |  magic missile   |
                  |    zapped by     |
                  |     herself      |
                  |       2026       |
                 *|     *  *  *      | *
        _________)/\\_//(\/(/\)/\//\/|_)_______

Farvel ArrBianca the Valkyrie...

You died in The Dungeons of Doom on dungeon level 7 with 1791 points,
and 18 pieces of gold, after 3617 moves.
You were level 6 with a maximum of 61 hit points when you died.

